 Dungeon Crawl Stone Soup version 0.30-a0-25-gacc37e2db0 (webtiles) character file.

Game seed: 1560855233874146729

408 Plasmagod the Fighter (level 6, -2/44 HPs)
             Began as a Gargoyle Fighter on Aug 25, 2022.
             Slain by a hound (3 damage)
             ... on level 3 of the Dungeon.
             The game lasted 00:07:26 (3295 turns).

Plasmagod the Fighter (Gargoyle Fighter)            Turns: 3295, Time: 00:07:27

Health: -2/44      AC: 17    Str: 22    XL:     6   Next: 88%
Magic:  6/6        EV:  6    Int:  8    God:
Gold:   152        SH:  4    Dex:  9    Spells: 5/5 levels left

rFire   . . .      SeeInvis .    f - +0 morningstar
rCold   . . .      Faith    .    c - +0 buckler
rNeg    + . .      Spirit   .    o - +0 plate armour
rPois   ∞          Reflect  .    (no helmet)
rElec   +          Harm     .    h - +0 cloak
rCorr   .          Rampage  .    (no gloves)
Will    .....                    (no boots)
Stlth   ..........               (no amulet)
HPRegen 0.14/turn                (no ring)
MPRegen 0.10/turn                (no ring)

@: no status effects
A: sickness immunity, AC +4, negative energy resistance 1, electricity
resistance, torment resistance 1, petrification resistance
a: no special abilities


You were on level 3 of the Dungeon.
You visited 1 branch of the dungeon, and saw 4 of its levels.

You collected 152 gold pieces.

Inventory:

Hand Weapons
 f - a +0 morningstar (weapon)
 s - a +2 rapier of holy wrath
Missiles
 a - 2 javelins (quivered)
Armour
 c - a +0 buckler (worn)
 h - a +0 cloak (worn)
 o - a +0 plate armour (worn)
Jewellery
 r - a +6 ring of dexterity
Scrolls
 b - 2 scrolls of fear {unknown}
 d - a scroll of silence {unknown}
 i - a scroll of blinking {unknown}
 j - a scroll of teleportation
 k - a scroll of enchant weapon {unknown}
 l - a scroll of acquirement {unknown}
 m - 3 scrolls of identify {unknown}
 p - a scroll of fog {unknown}
Potions
 e - a potion of curing {unknown}
 g - 2 potions of heal wounds {unknown}
 n - a potion of degeneration {unknown}
 q - a potion of lignification {unknown}


   Skills:
 + Level 8.2 Fighting
 - Level 2.0 Maces & Flails
 - Level 3.2 Armour
 - Level 3.2 Shields


You had 5 spell levels left.
You didn't know any spells.
Your spell library contained the following spells:

 Spells                   Type           Power      Damage    Failure   Level
 Apportation              Tloc           0%         N/A       100%        1
 Foxfire                  Conj/Fire      0%         2x1d4     100%        1
 Necrotise                Necr           0%         1d4       100%        1
 Sandblast                Erth           0%         2d4       100%        1
 Summon Small Mammal      Summ           0%         N/A       100%        1
 Passwall                 Tmut/Erth      0%         N/A       100%        2
 Conjure Flame            Conj/Fire      0%         6-21      100%        3
 Inner Flame              Hex/Fire       0%         N/A       100%        3
 Stone Arrow              Conj/Erth      0%         3d7       100%        3
 Flame Wave               Conj/Fire      0%         2d4       100%        4


Dungeon Overview and Level Annotations

Branches:
Dungeon (4/15)
 Temple: D:4-7

Altars:

Shops:
D:2 (

Annotations:
D:4 Eustachio


Innate Abilities, Weirdness & Mutations

You are immune to sickness and miasma.
Your stone body is resilient. (AC +4)
You are immune to poison.
You resist negative energy. (rN+)
You are resistant to electric shocks. (rElec)
You are resistant to unholy torment.
You are immune to petrification.


Message History

You climb upwards.
There is a stone staircase leading down here.
You barely miss the hound. The hound bites you but does no damage.
You block the hound's attack.
You barely miss the hound. The hound bites you but does no damage.
The hound barely misses you.
You hit the hound.
The hound is lightly wounded.
You block the hound's attack. x2
You barely miss the hound.
The hound is lightly wounded.
You block the hound's attack. The hound barely misses you.
You hit the hound but do no damage.
The hound is lightly wounded.
The hound bites you but does no damage. x2
You miss the hound.
The hound is lightly wounded.
The hound bites you but does no damage. x2
You hit the hound but do no damage.
The hound is lightly wounded.
The hound closely misses you. The hound bites you but does no damage.
You barely miss the hound.
The hound is lightly wounded.
You block the hound's attack.
You barely miss the hound.
The hound is lightly wounded.
The hound bites you.
* * * LOW HITPOINT WARNING * * *
The hound completely misses you.
Your +2 rapier of holy wrath stops glowing.
f - a +0 morningstar (weapon)
The hound bites you.
* * * LOW HITPOINT WARNING * * *
You miss the hound.
The hound is lightly wounded.
The hound bites you but does no damage. x2
You hit the hound.
The hound is heavily wounded.
The hound bites you.
You die...

########## ######
#...#....# #....#
#...#.##.### #....#
#..[#.#....#####....#
#...#.#h@...........##
#...#.#.#..######....#
#.......##.........#.#
##.....###.#####...#.####
#.....# #.#####...#....#
#.....# #....###.#####.#
#.....######............
#........##..........###
####.....#......#.##..##


You could see a hound.

Vanquished Creatures
  Pargi (D:3)
  A centaur (D:3)
  An orc wizard (D:4)
  A hound zombie (D:2)
  Robin (D:3)
  6 adders
  3 gnolls (D:2)
  An adder skeleton (D:2)
  6 dart slugs
  2 orcs (D:4)
  3 ball pythons
  8 endoplasms
  3 giant cockroaches
  10 goblins
  11 hobgoblins
  3 jackals (D:1)
  5 quokkas
  10 bats
  2 frilled lizards
  6 kobolds
  A quokka zombie (D:2)
  5 rats
90 creatures vanquished.

Vanquished Creatures (others)
  3 fungi (D:2)
  2 withered plants (D:2)
5 creatures vanquished.

Grand Total: 95 creatures vanquished

Notes
Turn   | Place    | Note
-------+----------+-------------------------------------------
     0 | D:1      | Plasmagod the Gargoyle Fighter began the quest for the Orb.
     0 | D:1      | Reached XP level 1. HP: 14/14 MP: 1/1
   333 | D:1      | Reached XP level 2. HP: 17/20 MP: 2/2
   334 | D:1      | Reached skill level 4 in Fighting
   700 | D:1      | Reached XP level 3. HP: 24/24 MP: 3/3
   915 | D:2      | Reached skill level 5 in Fighting
  1036 | D:2      | Reached XP level 4. HP: 31/31 MP: 4/4
  1694 | D:2      | Reached skill level 6 in Fighting
  1856 | D:2      | Found Foicw's Weapon Shop.
  2071 | D:3      | Reached XP level 5. HP: 36/36 MP: 5/5
  2131 | D:3      | Noticed Pargi
  2152 | D:3      | Killed Pargi
  2153 | D:3      | Reached skill level 7 in Fighting
  2153 | D:3      | Reached XP level 6. HP: 21/44 MP: 6/6
  2787 | D:4      | Noticed Robin
  2959 | D:3      | Killed Robin
  2960 | D:3      | Reached skill level 8 in Fighting
  3241 | D:4      | Noticed Eustachio
  3281 | D:4      | HP: 2/44 [hound (3)]
  3292 | D:3      | HP: 2/44 [hound (2)]
  3295 | D:3      | Slain by a hound

Illustrated notes

Levels and vault maps discovered:
D:1:      amcnicky_arrival_underground_garden, layout_loops_ring
D:2:      layout_loops_corners, serial_undead, serial_undead_a, serial_undead_f,
          serial_undead_e, serial_undead_c, serial_shops,
          nicolae_shop_bloodbath_and_beyond, dreamdust_mushroom_princess,
          minmay_misc_feat_roman
D:3:      layout_basic, serial_park_tiny_pond, uniq_pargi
D:4:      layout_rooms, tgw_sif, uniq_eustachio, uniq_grinder, uniq_robin

Skill      XL: |  1  2  3  4  5  6 |
---------------+-------------------+-----
Fighting       | 4 5 6 7 8 |  8.2
Maces & Flails | |  2.0
Armour         | |  3.2
Shields        | |  3.2

Action                   |  1- 3 |  4- 6 || total
-------------------------+-------+-------++-------
Melee: Flail             |    86 |   126 ||   212
       Morningstar       |       |   104 ||   104
       Rapier            |       |    37 ||    37
Throw: Javelin           |       |     6 ||     6
  Use: Potion            |       |     1 ||     1
       Scroll            |       |     1 ||     1
Armor: Scale mail        |    67 |    60 ||   127
       Plate armour      |       |   373 ||   373
Dodge: Dodged            |    52 |   198 ||   250
Block: Buckler           |    23 |    98 ||   121

Table legend: (Time is in decaauts)
 A = Elapsed time spent in this place.
 B = Non-inter-level travel time spent in this place.
 C = Inter-level travel time spent in this place.
 D = Time resting spent in this place.
 E = Time spent auto-exploring this place.
 F = Levels seen in this place.
 G = Mean time per level.
                   A        B        C        D        E       F      G
               +--------+--------+--------+--------+--------+-----+--------+
         Total |   3428 |   3310 |    118 |    242 |   2252 |   4 |  857.0 |
       Dungeon |   3428 |   3310 |    118 |    242 |   2252 |   4 |  857.0 |
               +--------+--------+--------+--------+--------+-----+--------+

Top non-repeatable levels by time:
     D:2: 1232 daAuts
     D:3: 1074 daAuts
     D:1: 890 daAuts
     D:4: 231 daAuts
